 Dungeon Crawl Stone Soup version 0.20-a0-540-ge6d1839 (webtiles) character file.

180 Dragon983 the Skirmisher (level 5, -2/75 HPs)
             Began as a Draconian Berserker on Jan 30, 2017.
             Was a Believer of Trog.
             Slain by an orc warrior
             ... wielding a +0 flail
              (6 damage)
             ... on level 3 of the Dungeon.
             The game lasted 00:04:25 (2146 turns).

Dragon983 the Skirmisher (Draconian Berserker)      Turns: 2146, Time: 00:04:26

Health: -2/75      AC: 22    Str: 19    XL:     5   Next: 33%
Magic:  5/5        EV:  2    Int:  8    God:    Trog [**....]
Gold:   93         SH:  0    Dex: 11    Spells: 4/4 levels left

rFire    . . .     SeeInvis .   a - +0 mace
rCold    . . .     Gourm    .   (armour unavailable)
rNeg     + + +     Faith    .   (no shield)
rPois    +         Spirit   .   (helmet currently unavailable)
rElec    .         Reflect  .   (cloak currently unavailable)
rCorr    .         Harm     .   (gloves currently unavailable)
MR       .....     NoTele   +   (boots currently unavailable)
Stlth    +.........             (no amulet)
Regen    0.3/turn               (no ring)
                                (no ring)

@: exhausted, tree-form, slowed, very slow
A: unfitting armour, (cold-blooded), AC +5
a: Berserk, Trog's Hand, Burn Spellbooks, Renounce Religion


You were on level 3 of the Dungeon.
You worshipped Trog.
Trog was pleased with you.
You were hungry.
You were a tree.
You visited 1 branch of the dungeon, and saw 3 of its levels.

You collected 93 gold pieces.

Inventory:

Hand Weapons
 a - a +0 mace (weapon)
Jewellery
 f - an uncursed ring of wizardry {unknown}
Scrolls
 e - 3 scrolls of identify {unknown}
 g - 2 scrolls of teleportation {unknown}
 j - a scroll of fear {unknown}
 k - a scroll of remove curse {unknown}
 m - a scroll of blinking {unknown}
 p - 2 scrolls of recharging {unknown}
 q - a scroll of amnesia {unknown}
Potions
 d - 2 potions of curing {unknown}
 i - 4 potions of lignification
 l - a potion of cancellation {unknown}
 n - 2 potions of mutation {unknown}
 o - a potion of magic {unknown}
 s - a potion of brilliance {unknown}
Comestibles
 b - a bread ration
 c - a royal jelly
 h - 3 meat rations
 r - 6 chunks of flesh


   Skills:
 * Level 5.9 Fighting
 + Level 4.1 Maces & Flails
 - Level 2.6 Dodging


You had 4 spell levels left.
You didn't know any spells.

Dungeon Overview and Level Annotations

Branches:
Dungeon (3/15)

Altars:
Kikubaaqudgha
Xom


Innate Abilities, Weirdness & Mutations

((Your plain brown scales are hard. (AC +5)))
You cannot fit into any form of body armour.
((You are cold-blooded and may be slowed by cold attacks.))


Message History

You kill the orc!
Trog accepts your kill.
You feel a strong urge to attack something.
You are no longer berserk.
You pass out from exhaustion.
You feel yourself slow down. The orc warrior hits you with a flail!
* * * LOW HITPOINT WARNING * * *
The orc warrior hits you with a flail.
* * * LOW HITPOINT WARNING * * *
You can move again.
You see here a dagger.
The orc warrior hits you with a flail.
* * * LOW HITPOINT WARNING * * *
It was a potion of lignification.
You turn into a tree.
Your roots penetrate the ground.
The orc shouts!
You hear a shout!
The hobgoblin hits you but does no damage.
The orc warrior hits you with a flail.
You die...

>...).....+ .###.######
.###.###########+#######
........................
.....###########.######
###### #..######
#.......# #.......#
######♣......#
#....go#.......
#......#..#####
#(....o#.....
#......###.###
#......))....# #
######(###.g.#.# #.#
##....# #.# #'####


You could see an orc warrior, an orc and a hobgoblin.

Vanquished Creatures
  A centaur (D:3)
  An orc priest (D:3)
  2 adders
  A worm (D:2)
  3 orcs (D:3)
  6 bats
  3 giant cockroaches
  7 goblins
  5 hobgoblins (D:1)
  2 jackals (D:1)
  A ball python (D:3)
  9 kobolds
  8 rats
49 creatures vanquished.

Notes
Turn   | Place    | Note
-------+----------+-------------------------------------------
     0 | D:1      | Dragon983 the Draconian Berserker began the quest for the Orb.
     0 | D:1      | Reached XP level 1. HP: 19/19 MP: 1/1
   178 | D:1      | Reached XP level 2. HP: 24/27 MP: 2/2
   181 | D:1      | Reached skill level 4 in Fighting
  1245 | D:2      | Reached XP level 3. HP: 26/34 MP: 3/3
  1397 | D:2      | Reached ** piety under Trog
  1700 | D:2      | Found a shimmering altar of Xom.
  1700 | D:2      | Found an ancient bone altar of Kikubaaqudgha.
  2008 | D:3      | Reached XP level 4. HP: 36/41 MP: 4/4
  2023 | D:3      | Noticed a centaur
  2040 | D:3      | Killed a centaur
  2040 | D:3      | Reached skill level 5 in Fighting
  2040 | D:3      | Reached XP level 5. HP: 48/48 MP: 5/5
  2135 | D:3      | Noticed an orc warrior
  2145 | D:3      | HP: 2/50 [orc warrior/flail (3)]
  2146 | D:3      | Slain by an orc warrior

Vault maps used:
D:1:      matt_arrival_diagonals
D:2:      gammafunk_temple_overflow_pools
D:3:      kennysheep_the_goblin_king, kennysheep_generic_room_12

Skill      XL: |  1  2  3  4 |
---------------+-------------+-----
Fighting       | 4 5 |  5.9
Maces & Flails | 4 |  4.1
Dodging        | |  2.6

Action                   |  1- 3 |  4- 6 || total
-------------------------+-------+-------++-------
Melee: Mace              |   122 |    16 ||   138
       Tailslap          |    14 |       ||    14
Invok: Berserk           |     2 |     2 ||     4
  Use: Potion            |       |     1 ||     1
 Stab: Sleeping          |     1 |       ||     1
  Eat: Chunk             |     6 |     1 ||     7
Armor: Skin              |    32 |     3 ||    35
Dodge: Dodged            |   100 |     4 ||   104
